 Dungeon Crawl Stone Soup version 0.30-a0-1016-gfb0d676c02 (webtiles) character file.

Game seed: 12710845041446112091

86 NinjaNoafa the Changer (level 4, -4/32 HPs)
             Began as a Gnoll Wanderer on Apr 6, 2023.
             Slain by an orc wizard
             ... wielding a +3 dagger
              (5 damage)
             ... on level 2 of the Dungeon.
             The game lasted 00:02:57 (1830 turns).

NinjaNoafa the Changer (Gnoll Wanderer)             Turns: 1830, Time: 00:02:58

Health: -4/32      AC:  2    Str: 10    XL:     4   Next: 49%
Magic:  8/8        EV: 12    Int: 17    God:
Gold:   70         SH:  0    Dex:  9    Spells: 8/9 levels left

rFire   . . .      SeeInvis .    a - +0 falchion
rCold   . . .      Faith    .    (no shield)
rNeg    . . .      Spirit   .    e - +0 robe
rPois   .          Reflect  .    (helmet currently unavailable)
rElec   .          Rampage  .    (no cloak)
rCorr   .                        (no gloves)
Will    .....                    (boots currently unavailable)
Stlth   ++                       d - amulet of magic regeneration
HPRegen 0.25/turn                (no ring)
MPRegen 0.51/turn                (no ring)

@: brilliant, appendages
A: horns 2, talons 2, fangs 1, strong nose, distributed training
a: End Transformation


You were on level 2 of the Dungeon.
You had temporarily grown beastly horns and talons.
You visited 1 branch of the dungeon, and saw 2 of its levels.

You collected 70 gold pieces.

Inventory:

Hand Weapons
 a - a +0 falchion (weapon)
Missiles
 b - 10 boomerangs (quivered)
 c - 2 javelins
 f - a throwing net
Armour
 e - a +0 robe (worn)
Jewellery
 d - an amulet of magic regeneration (around neck)
Scrolls
 h - 3 scrolls of identify {unknown}
 j - a scroll of immolation {unknown}
Potions
 i - a potion of mutation {unknown}


   Skills:
 + Level 1.2 Fighting
 + Level 1.2 Short Blades
 + Level 2.8 Long Blades
 + Level 1.2 Axes
 + Level 1.2 Maces & Flails
 + Level 1.2 Polearms
 + Level 1.2 Staves
 + Level 1.2 Ranged Weapons
 + Level 4.6 Throwing
 + Level 1.2 Armour
 + Level 2.8 Dodging
 + Level 2.6 Stealth
 + Level 1.2 Shields
 + Level 1.2 Unarmed Combat
 + Level 3.0 Spellcasting
 + Level 1.0 Conjurations
 + Level 1.0 Hexes
 + Level 1.0 Summonings
 + Level 1.0 Necromancy
 + Level 1.0 Translocations
 + Level 5.5 Transmutations
 + Level 1.0 Fire Magic
 + Level 1.0 Ice Magic
 + Level 1.0 Air Magic
 + Level 1.0 Earth Magic
 + Level 1.0 Poison Magic
 + Level 2.9 Invocations
 + Level 1.2 Evocations


You had 8 spell levels left.
You knew the following spells:

 Your Spells              Type           Power      Damage    Failure   Level
a - Beastly Appendage     Tmut           62%        N/A       1%          1

Your spell library contained the following spells:

 Spells                   Type           Power      Damage    Failure   Level
 Summon Small Mammal      Summ           32%        N/A       12%         1
 Spider Form              Tmut/Pois      20%        N/A       14%         3
 Call Canine Familiar     Summ           8%         N/A       34%         3
 Summon Guardian Golem    Hex/Summ       8%         N/A       34%         3
 Ice Form                 Ice/Tmut       20%        N/A       41%         4


Dungeon Overview and Level Annotations

Branches:
Dungeon (2/15)

Altars:
Xom


Innate Abilities, Weirdness & Mutations

You have temporarily grown beastly horns and talons.
You have very sharp teeth.
Your uncanny sense of smell can sniff out nearby items.
Your experience applies equally to all skills.


Message History

Your headbutt misses the orc.
The orc is severely wounded.
The orc closely misses you.
Unknown command.
You hit the orc but do no damage. You claw the orc.
The orc is almost dead.
The orc misses you. The orc closely misses you.
You closely miss the orc.
The orc is almost dead.
The orc hits you with a +0 dagger.
* * * LOW HITPOINT WARNING * * *
An orc wizard comes into view. It is wielding a +3 dagger.
Unknown command.
The orc wizard shouts!
You hit the orc.
You kill the orc!
You hear a shout!
You hear an angry hiss.
Unknown command.
An orc comes into view. It is wielding a +0 trident.
Things that are here:
a +0 dagger; a +0 chain mail You closely miss the orc wizard.
You claw the orc wizard. Your headbutt misses the orc wizard.
The orc wizard is lightly wounded.
The orc wizard barely misses you. The orc barely misses you.
You closely miss the orc wizard. Your kick misses the orc wizard.
You headbutt the orc wizard.
The orc wizard is moderately wounded.
The orc wizard gestures at you while chanting.
The magic dart hits you!
* * * LOW HITPOINT WARNING * * *
The orc hits you from afar with a +0 trident.
* * * LOW HITPOINT WARNING * * *
Unknown command.
It was a potion of brilliance.
You feel clever all of a sudden. The orc misses you.
The orc wizard suddenly curses.
The orc wizard hits you with a +3 dagger.
You die...

#.#.#####. #.#.# ##
. #.#.# .. #.#.#
..#########.#.#
.........#.#.#
#.......#.#.######
#.......#.........
###@..#######.######
#..o..........#.....
#o###.....#####....)
#. #####.# #..... #
#.## #.....
#..####.....
##....#.....
####.###+#. #.# #.#.


You could see an orc wizard and an orc.

Vanquished Creatures
  An orc priest (D:2)
  A worm (D:2)
  4 dart slugs
  An orc (D:2)
  A bat (D:1)
  4 endoplasms
  2 giant cockroaches (D:1)
  6 goblins
  3 hobgoblins
  4 jackals (D:1)
  A quokka (D:2)
  4 ball pythons (D:1)
  A frilled lizard (D:1)
  5 kobolds
  A rat (D:2)
39 creatures vanquished.

Notes
Turn   | Place    | Note
-------+----------+-------------------------------------------
     0 | D:1      | NinjaNoafa the Gnoll Wanderer began the quest for the Orb.
     0 | D:1      | NinjaNoafa set off with the following items: a +0 falchion,
                  | 8 boomerangs, a +0 dagger, a potion of curing, a +0 robe;
                  | and the following spell memorised: Beastly Appendage; and
                  | the following spells available to memorise: Spider Form,
                  | Ice Form.
     0 | D:1      | Reached XP level 1. HP: 13/13 MP: 4/4
   302 | D:1      | Reached XP level 2. HP: 20/20 MP: 5/5
   562 | D:1      | Reached XP level 3. HP: 25/25 MP: 7/7
   747 | D:1      | Found a faded altar of an unknown god.
  1232 | D:2      | Reached skill level 1 in Fighting
  1232 | D:2      | Reached skill level 1 in Short Blades
  1232 | D:2      | Reached skill level 1 in Axes
  1232 | D:2      | Reached skill level 1 in Maces & Flails
  1232 | D:2      | Reached skill level 1 in Polearms
  1232 | D:2      | Reached skill level 1 in Staves
  1232 | D:2      | Reached skill level 1 in Ranged Weapons
  1232 | D:2      | Reached skill level 1 in Armour
  1232 | D:2      | Reached skill level 1 in Shields
  1232 | D:2      | Reached skill level 1 in Unarmed Combat
  1232 | D:2      | Reached skill level 1 in Evocations
  1688 | D:2      | Found a shimmering altar of Xom.
  1816 | D:2      | Reached skill level 1 in Conjurations
  1816 | D:2      | Reached skill level 1 in Hexes
  1816 | D:2      | Reached skill level 1 in Summonings
  1816 | D:2      | Reached skill level 1 in Necromancy
  1816 | D:2      | Reached skill level 1 in Translocations
  1816 | D:2      | Reached skill level 1 in Fire Magic
  1816 | D:2      | Reached skill level 1 in Ice Magic
  1816 | D:2      | Reached skill level 1 in Air Magic
  1816 | D:2      | Reached skill level 1 in Earth Magic
  1816 | D:2      | Reached skill level 1 in Poison Magic
  1816 | D:2      | Reached XP level 4. HP: 15/32 MP: 8/8
  1829 | D:2      | HP: 1/32 [orc/+0 trident (4)]
  1830 | D:2      | Slain by an orc wizard

Illustrated notes

Levels and vault maps discovered:
D:1:      eino_arrival_cavern_c, layout_basic, basic_ecumenical_altar,
          minmay_fountain_box, hex_intersection, wad_floor_pattern_untrapped
D:2:      layout_basic, basic_altar

Skill      XL: |  1  2  3 |
---------------+----------+-----
Fighting       | 1 |  1.2
Short Blades   | 1 |  1.2
Axes           | 1 |  1.2
Maces & Flails | 1 |  1.2
Polearms       | 1 |  1.2
Staves         | 1 |  1.2
Ranged Weapons | 1 |  1.2
Armour         | 1 |  1.2
Shields        | 1 |  1.2
Unarmed Combat | 1 |  1.2
Evocations     | 1 |  1.2
Spellcasting   | 3 |  3.0
Conjurations   | 1 |  1.0
Hexes          | 1 |  1.0
Summonings     | 1 |  1.0
Necromancy     | 1 |  1.0
Translocations | 1 |  1.0
Fire Magic     | 1 |  1.0
Ice Magic      | 1 |  1.0
Air Magic      | 1 |  1.0
Earth Magic    | 1 |  1.0
Poison Magic   | 1 |  1.0
Long Blades    | |  2.8
Throwing       | |  4.6
Dodging        | |  2.8
Stealth        | |  2.6
Transmutations | |  5.5
Invocations    | |  2.9

Action                     |  1- 3 |  4- 6 || total
---------------------------+-------+-------++-------
  Melee: Falchion          |    53 |    13 ||    66
         Bite              |     6 |     2 ||     8
         Kick              |     2 |     7 ||     9
         Headbutt          |     1 |     4 ||     5
  Throw: Boomerang         |    71 |       ||    71
   Cast: Beastly Appendage |     4 |       ||     4
    Use: Potion            |     1 |     1 ||     2
 Armour: Robe              |    11 |     2 ||    13
  Dodge: Dodged            |    44 |     9 ||    53

Table legend: (Time is in decaauts)
 A = Elapsed time spent in this place.
 B = Non-inter-level travel time spent in this place.
 C = Inter-level travel time spent in this place.
 D = Time resting spent in this place.
 E = Time spent auto-exploring this place.
 F = Levels seen in this place.
 G = Mean time per level.
                   A        B        C        D        E       F      G
               +--------+--------+--------+--------+--------+-----+--------+
         Total |   1847 |   1781 |     66 |     70 |   1393 |   2 |  923.5 |
       Dungeon |   1847 |   1781 |     66 |     70 |   1393 |   2 |  923.5 |
               +--------+--------+--------+--------+--------+-----+--------+

Top non-repeatable levels by time:
     D:1: 1197 daAuts
     D:2: 650 daAuts
